 Dungeon Crawl Stone Soup version 0.23.2-1-ga50397a6bc (webtiles) character file.

Game seed: 2940984974029139325

765 Kobolds4U the Chopper (level 7, -4/66 HPs)
             Began as a Minotaur Fighter on Apr 24, 2019.
             Slain by an orc warrior
             ... wielding a +0 battleaxe
              (17 damage)
             ... on level 6 of the Dungeon.
             The game lasted 00:06:08 (4343 turns).

Kobolds4U the Chopper (Minotaur Fighter)            Turns: 4343, Time: 00:06:08

Health: -4/66      AC: 12    Str: 21    XL:     7   Next: 51%
Magic:  6/6        EV:  7    Int:  6    God:
Gold:   288        SH:  9    Dex: 10    Spells: 6/6 levels left

rFire    . . .     SeeInvis .   a - +1 war axe
rCold    . . .     Gourm    .   c - +0 shield
rNeg     . . .     Faith    .   j - +0 chain mail
rPois    +         Spirit   .   (helmet restricted)
rElec    .         Reflect  .   v - +0 cloak
rCorr    .         Harm     .   m - +0 pair of gloves
MR       .....                  u - +0 pair of boots
Stlth    ..........             (no amulet)
HPRegen  0.21/turn              k - ring of poison resistance
MPRegen  0.10/turn              (no ring)

@: flying
A: retaliatory headbutt, horns 2
a: no special abilities


You were on level 6 of the Dungeon.
You were not hungry.

You visited 1 branch of the dungeon, and saw 6 of its levels.

You collected 288 gold pieces.

Inventory:

Hand Weapons
 a - a +1 war axe (weapon)
 e - a cursed -2 hunting sling
Missiles
 h - 42 sling bullets
Armour
 b - a +0 scale mail
 c - a +0 shield (worn)
 j - a +0 chain mail (worn)
 m - a +0 pair of gloves (worn)
 u - a +0 pair of boots (worn)
 v - a +0 cloak (worn)
 A - a +3 ring mail of cold resistance
Jewellery
 k - a ring of poison resistance (left hand)
Wands
 w - a wand of disintegration (14)
 y - a wand of paralysis (4)
 z - a wand of acid (7)
Scrolls
 g - 3 scrolls of remove curse {unknown}
 i - 4 scrolls of enchant weapon
 l - a scroll of blinking {unknown}
 n - a scroll of teleportation {unknown}
 p - 4 scrolls of identify
 s - 3 scrolls of amnesia {unknown}
 t - 2 scrolls of enchant armour {unknown}
 x - a scroll of fog {unknown}
 C - a scroll of silence {unknown}
 D - a scroll of noise {unknown}
 F - a scroll of fear {unknown}
Potions
 d - a potion of might
 o - a potion of flight
 q - a potion of heal wounds {unknown}
 r - 2 potions of brilliance {unknown}
 B - 2 potions of cancellation
Comestibles
 f - 9 rations


   Skills:
 + Level 7.0 Fighting
 + Level 7.0 Axes
 - Level 3.6 Armour
 - Level 4.0 Dodging
 - Level 3.6 Shields


You had 6 spell levels left.
You didn't know any spells.
Your spell library was empty.

Dungeon Overview and Level Annotations

Branches:
Dungeon (6/15)
 Temple: D:4-7

Altars:
Okawaru
Xom

Annotations:
D:3 1 runed translucent door, Ivo's ghost, amateur HuWn


Innate Abilities, Weirdness & Mutations

You reflexively headbutt those who attack you in melee.
You have a pair of horns on your head.


Message History

The orc priest calls down the wrath of Beogh upon you.
Pain shoots through your body!
The orc priest casts a cantrip, but nothing happens.
There is a stone staircase leading up here.
Unknown command.
The orc priest calls down the wrath of Beogh upon you.
Beogh smites you!
* * * LOW HITPOINT WARNING * * *
As you read the scroll labeled YVYFIAWAUT, it crumbles to dust.
It is a scroll of enchant weapon.
Your +0 war axe glows red for a moment.
As you read the scroll labeled RUOPLAUMIO, it crumbles to dust.
It is a scroll of identify.
B - 2 potions of cancellation You block the orc warrior's attack.
Something hits you but does no damage.
It was a potion of flight.
You feel very buoyant.
You fly up into the air.
The orc barely misses you.
The orc warrior hits you with a +0 battleaxe!
You die...

#.....#...
#........
#..).######
#.))......#
#.)(#####.#
#.(.?......
#o.........
#.o........
#@o........
#######.###
.# #


You could see an orc warrior, an orc priest and an orc.

Vanquished Creatures
  A water moccasin (D:5)
  A phantom (D:4)
  A centaur (D:5)
  A scorpion (D:4)
  A crimson imp (D:5)
  A centaur zombie (D:6)
  A bullfrog skeleton (D:5)
  2 hounds
  Crazy Yiuf (D:2)
  A jelly (D:5)
  Ijyb (D:4)
  A worker ant (D:4)
  8 adders
  A shadow imp (D:5)
  An ooze (D:3)
  A worm (D:2)
  3 dart slugs
  3 leopard geckos
  9 orcs
  5 bats
  7 giant cockroaches
  6 goblins
  7 hobgoblins
  10 jackals
  3 frilled lizards
  13 kobolds
  6 rats
  2 fungi (D:2)
98 creatures vanquished.

Notes
Turn   | Place    | Note
-------+----------+-------------------------------------------
     0 | D:1      | Kobolds4U the Minotaur Fighter began the quest for the Orb.
     0 | D:1      | Reached XP level 1. HP: 19/19 MP: 0/0
    80 | D:1      | Reached XP level 2. HP: 25/27 MP: 1/1
   167 | D:1      | Reached skill level 1 in Dodging
   335 | D:1      | Reached XP level 3. HP: 33/33 MP: 2/2
  1539 | D:2      | Found a runed translucent door.
  1540 | D:2      | Noticed Crazy Yiuf
  1552 | D:2      | Killed Crazy Yiuf
  1552 | D:2      | Reached XP level 4. HP: 12/41 MP: 3/3
  1954 | D:3      | Found an iron altar of Okawaru.
  2161 | D:3      | Found a runed translucent door.
  2166 | D:3      | Noticed Ivo's ghost (amateur HuWn)
  2198 | D:3      | Reached XP level 5. HP: 46/47 MP: 4/4
  2541 | D:4      | Noticed Ijyb
  2544 | D:4      | Paralysed by Ijyb for 4 turns
  2553 | D:4      | Killed Ijyb
  2639 | D:4      | Found a shimmering altar of Xom.
  2725 | D:4      | Reached skill level 5 in Axes
  2747 | D:4      | Reached skill level 5 in Fighting
  2755 | D:4      | Noticed a phantom
  2792 | D:4      | Killed a phantom
  2792 | D:4      | Reached XP level 6. HP: 42/56 MP: 5/5
  3439 | D:5      | Entered Level 5 of the Dungeon
  3538 | D:5      | Reached XP level 7. HP: 42/63 MP: 6/6
  4343 | D:6      | Slain by an orc warrior

Skill      XL: |  1  2  3  4  5  6  7 |
---------------+----------------------+-----
Axes           | 3 4 5 6 7 |  7.0
Dodging        | 1 2 3 4 |  4.0
Fighting       | 4 5 6 7 |  7.0
Armour         | |  3.6
Shields        | |  3.6

Action                   |  1- 3 |  4- 6 |  7- 9 || total
-------------------------+-------+-------+-------++-------
Melee: War axe           |   127 |   114 |    45 ||   286
       Headbutt          |    14 |    13 |     6 ||    33
  Use: Scroll            |       |       |     2 ||     2
       Potion            |       |       |     1 ||     1
  Eat: Chunk             |     2 |     7 |     2 ||    11
Armor: Scale mail        |    50 |       |       ||    50
       Chain mail        |     2 |    67 |    21 ||    90
Dodge: Dodged            |    41 |    25 |    15 ||    81
Block: Shield            |    58 |    56 |    32 ||   146
